 Dungeon Crawl Stone Soup version 0.18-a0-1526-gcb34c7c (webtiles) character file.

29 GrosslyIncandescent the Insei (level 3, -1/29 HPs)
             Began as a Mummy Monk on Mar 8, 2016.
             Slain by a goblin
             ... wielding a +0 dagger
             ... led by Robin
              (2 damage)
             ... on level 2 of the Dungeon.
             The game lasted 00:01:00 (1718 turns).

GrosslyIncandescent the Insei (Mummy Monk)          Turns: 1718, Time: 00:01:01

Health: -1/29      AC:  0    Str: 14    XL:     3   Next: 1%
Magic:  3/3        EV: 13    Int:  9    God:
Gold:   40         SH:  0    Dex: 15    Spells: 0 memorised, 2 levels left

rFire  x . .     SeeInvis .       - Unarmed
rCold  + . .     Gourm    .     (no armour)
rNeg   + + +     Faith    .     (no shield)
rPois  ∞         Spirit   .     (no helmet)
rElec  .         Dismiss  .     (no cloak)
rCorr  .         Reflect  .     (no gloves)
SustAt .         Harm     .     (no boots)
MR     .....                    (no amulet)
Stlth  ++........               (no ring)
                                b - ring of flight

@: not resistant to hostile enchantments, unstealthy
A: no food or potions, fire vulnerability, cold resistance 1, negative energy
resistance 3, torment resistance, unbreathing
a: Evoke Flight


You were on level 2 of the Dungeon.
You were not hungry.

You visited 1 branch of the dungeon, and saw 2 of its levels.

You collected 40 gold pieces.


Innate Abilities, Weirdness & Mutations

You do not eat or drink.
Your flesh is vulnerable to fire.
You are immune to poison.
Your flesh is cold resistant.
You are immune to negative energy.
You are immune to unholy pain and torment.
You can survive without breathing.


   Skills:
 - Level 3.0 Fighting
 - Level 2.4 Dodging
 - Level 1.5 Stealth
 + Level 4.1 Unarmed Combat


You had 2 spell levels left.
You didn't know any spells.

Inventory:

Jewellery
 b - a ring of flight (left hand)
Scrolls
 a - a scroll of identify {unknown}
 c - a scroll of fog {unknown}
 d - a scroll of teleportation {unknown}

Dungeon Overview and Level Annotations

Branches:
Dungeon (2/15)

Altars:

Annotations:
D:2 Robin

...▒.▒▒▒ ▒▒▒.▒▒▒▒▒▒▒
▒▒▒▒▒▒.▒.▒.▒▒▒..........
▒........▒..............
▒.▒▒▒▒▒..▒.▒ ▒......g...
▒▒.▒▒.......▒▒▒...g......
▒.......<........g.......
▒▒▒▒▒...........gg▒▒▒▒▒▒
▒▒.▒▒▒▒▒▒....▒▒▒▒▒g.......▒
.....†..........Mggg......▒
▒▒▒▒▒▒▒▒▒.....▒▒▒▒£.......▒
▒.......................
▒...........▒▒▒▒▒▒.▒▒▒▒▒▒▒
▒.▒.........▒ ▒.▒
▒▒▒▒.......▒ ▒.. ......▒..▒
▒▒▒▒ ▒▒▒▒▒▒.▒.... .▒▒▒▒▒▒.


You could see Robin, 3 hobgoblins and 4 goblins.


Message History

3 goblins come into view!
Robin shouts!!!
The goblin shouts!!! x3
The hobgoblin closely misses you!
Robin roars a battlecry!!!
The goblins go into a battle-frenzy!!!
You barely miss the goblin! The goblin closely misses you!
The hobgoblin hits you! Robin throws the goblin at you!!!
The goblin hits you with a dagger of holy wrath! * * * don't die
* * * You convulse! * * * don't die
* * * The hobgoblin shouts!!!
The goblin hits you with a dagger of holy wrath! * * * don't die
* * * You convulse! * * * don't die
* * * The goblin hits you with a dagger! * * * don't die
* * * Robin throws the goblin at you!!! * * * don't die
* * * The goblin hits you! * * * don't die
* * * You squash the goblin like an ant!
You annihilate the goblin!!!
You have reached level 3!!!
Your experience leads to an increase in your attributes!!!
Increase (S)trength, (I)ntelligence, or (D)exterity?
You feel agile! The goblin hits you with a dagger! rip

Action                   || total
-------------------------++-------
Melee: Unarmed           ||    90
 Stab: Sleeping          ||     5

Vault maps used:
D:1:      minmay_arrival_solitary_statue, minmay_misc_feat_hallway
D:2:      nicolae_ru_sacrificial_ziggurat, uniq_robin, uniq_terence

Notes
Turn   | Place    | Note
--------------------------------------------------------------
     0 | D:1      | GrosslyIncandescent the Mummy Monk began the quest for the Orb.
     0 | D:1      | Reached XP level 1. HP: 18/18 MP: 1/1
   729 | D:1      | Reached XP level 2. HP: 20/24 MP: 2/2
  1288 | D:1      | Reached skill level 4 in Unarmed Combat
  1712 | D:2      | Noticed Robin
  1717 | D:2      | HP: 1/24 [goblin[Robin] (2)]
  1718 | D:2      | Reached XP level 3. HP: 1/29 MP: 3/3
  1718 | D:2      | Slain by a goblin

Vanquished Creatures
  A dart slug (D:1)
  2 giant geckos
  6 goblins
  3 hobgoblins (D:1)
  2 ball pythons (D:1)
  3 giant newts (D:1)
  4 kobolds (D:1)
  4 rats (D:1)
25 creatures vanquished.
